 Dungeon Crawl Stone Soup version 0.32-a0-18-g89e19f1974 (webtiles) character file.

Game seed: 5885816048489486113

7 Xavori the Trooper (level 2, -2/25 HPs)
             Began as a Djinni Chaos Knight on Jan 16, 2024.
             Was a Plaything of Xom.
             Slain by a sun demon (11 damage)
             ... summoned by Xom
             ... on level 1 of the Dungeon.
             The game lasted 00:00:10 (246 turns).

Xavori the Trooper (Djinni Chaos Knight)             Turns: 246, Time: 00:00:11

Health: -2/25      AC:  5    Str: 11    XL:     2   Next: 5%
Gold:   0          EV: 11    Int: 13    God:    Xom [......] SH:  0 Dex: 12

rFire   + + .        a - +0 falchion (chaos)
rCold   x . .        (no shield)
rNeg    . . .        b - +2 leather armour
rPois   ∞            (no helmet)
rElec   .            (no cloak)
rCorr   .            (no gloves)
SInv    .            (boots unavailable)
Will    .....        (no amulet)
Stlth   +            (no ring)
HPRegen 0.24/turn    (no ring)
MPRegen 0.00/turn

%: infuse magic (-3 HP)
@: flying
A: sickness immunity, fire resistance 2, cold vulnerability 1, float, innate
caster, HP casting, extra vitality 1
a: Renounce Religion


You were on level 1 of the Dungeon.
You worshipped Xom.
You were a very special plaything of Xom.
You visited 1 branch of the dungeon, and saw 1 of its levels.

Inventory:

Hand Weapons
 a - a +0 falchion of chaos (weapon)
Armour
 b - a +2 leather armour (worn)
Jewellery
 d - a ring of willpower
Scrolls
 c - a scroll of butterflies


   Skills:
 + Level 3.0 Fighting
 + Level 2.7 Long Blades
 + Level 1.1 Armour
 + Level 2.3 Dodging
 * Level 0.4 Spellcasting
 * Level 0.4 Conjurations
 * Level 0.4 Hexes
   Level 0.0 Charms
 * Level 0.4 Summonings
 * Level 0.4 Necromancy
 * Level 0.4 Translocations
   Level 0.0 Transmutations
 * Level 0.4 Fire Magic
 * Level 0.4 Ice Magic
 * Level 0.4 Air Magic
 * Level 0.4 Earth Magic
 * Level 0.4 Alchemy You didn't know any spells. Your spell library was empty.

Dungeon Overview and Level Annotations

Branches:
Dungeon (1/15)

Altars:


Innate Abilities, Weirdness & Mutations

You are immune to sickness and miasma.
You are immune to poison.
Your flesh is very heat resistant. (rF++)
You are vulnerable to cold. (rC-)
You float through the air rather than walking.
You learn spells naturally, not from books.
Your magical power is your life essence.
You have superior vitality. (+4 MHP)


Message History

The endoplasm freezes you.
You are frozen.
An endoplasm is nearby!
You hit the endoplasm. You burn the endoplasm.
The endoplasm is almost dead.
The endoplasm hits you but does no damage.
An endoplasm is nearby!
You hit the endoplasm but do no damage.
The endoplasm is almost dead.
The endoplasm closely misses you.
An endoplasm is nearby!
You hit the endoplasm.
You kill the endoplasm!
You have reached level 2!
Found a flux talisman.
d - a ring of willpower No target in view!
You see here a flux talisman.
You almost hear Xom's maniacal laughter.
Your eyebrows wriggle.
You are now a very special plaything of Xom.
No target in view!
You reach down and open the door.
There is an open door here.
You see here a rat corpse. "Time to have some fun!"
There is an open door here.
You hit the sun demon.
The sun demon is poisoned.
The sun demon is lightly wounded.
The sun demon hits you!
You are engulfed in flames.
You resist.
The white imp shouts, "Get thee gone, thou fobbing idle-headed blabberskite!"
The white imp gestures at you. The puff of frost misses you.
There are monsters nearby!
You are too injured to fight recklessly!
There are monsters nearby!
You are too injured to fight recklessly!
The sun demon attacks as it pursues you!
The sun demon hits you!
You die...

#.####..# ##...## #......#.#
#.##....# ##.....##########.#
#.##.##.## ##.......## ##.##.#
#.##.#.%.####.........####...#.##
#.##........'.........'..........
#........####.........####...#.##
######..## ##.......## ##.....#
#####.##### ##.5...## #†....#
#.........# ##@†)## #.:...#
#.###.###.# ##3## #.....# #.# #.#
#.######.# #.....# #.#
#.###........# ###.### #.#
#........###.## )# #.#
#####.##.##...## .#
#.#######..........##
#..........#.##.....####
##########.#............


You could see a sun demon (summoned, very poisoned) and a white imp (summoned).

Vanquished Creatures
  2 endoplasms (D:1)
  2 hobgoblins (D:1)
  A kobold (D:1)
  A rat (D:1)
6 creatures vanquished.

Notes
Turn   | Place    | Note
-------+----------+-------------------------------------------
     0 | D:1      | Xavori the Djinni Chaos Knight began the quest for the Orb.
     0 | D:1      | Reached XP level 1. HP: 20/20 MP: 0/0
   151 | D:1      | Reached XP level 2. HP: 25/25 MP: 0/0
   220 | D:1      | XOM: silly message
   244 | D:1      | XOM: summons 2 hostile demons
   245 | D:1      | Noticed a sun demon
   246 | D:1      | Slain by a sun demon

Illustrated notes

Levels and vault maps discovered:
D:1:      dpeg_arrival_tiny_a, layout_loops_corners, dreamdust_princess_bridge

Action                     || total
---------------------------++-------
  Melee: Falchion          ||    15
 Armour: Leather armour    ||    11
  Dodge: Dodged            ||     6

Table legend: (Time is in decaauts)
 A = Elapsed time spent in this place.
 B = Non-inter-level travel time spent in this place.
 C = Inter-level travel time spent in this place.
 D = Time resting spent in this place.
 E = Time spent auto-exploring this place.
 F = Levels seen in this place.
 G = Mean time per level.
                   A        B        C        D        E       F      G
               +--------+--------+--------+--------+--------+-----+--------+
         Total |    248 |    248 |      0 |     52 |    156 |   1 |  248.0 |
       Dungeon |    248 |    248 |      0 |     52 |    156 |   1 |  248.0 |
               +--------+--------+--------+--------+--------+-----+--------+

Top non-repeatable levels by time:
     D:1: 248 daAuts
